 Dungeon Crawl Stone Soup version 0.21.0 (webtiles) character file.

2944 Hekarica the Shield-Bearer (level 9, -14/57 HPs)
             Began as a Mummy Fire Elementalist on May 24, 2018.
             Was an Initiate of Gozag.
             Demolished by Pikel
             ... wielding a +2 whip of electrocution
              (18 damage)
             ... on level 7 of the Dungeon.
             The game lasted 00:49:49 (8569 turns).

Hekarica the Shield-Bearer (MuFE)                   Turns: 8569, Time: 00:49:50

Health: -14/57     AC:  9    Str: 11    XL:     9   Next: 51%
Magic:  16/16      EV: 12    Int: 17    God:    Gozag
Gold:   647        SH:  0    Dex: 13    Spells: 17/18 levels left

rFire    . . .     SeeInvis .   q - +4 scimitar (flame)
rCold    + . .     Gourm    .   (no shield)
rNeg     + + +     Faith    .   v - +3 leather armour {rF+}
rPois    ∞         Spirit   .   (no helmet)
rElec    .         Reflect  .   p - +0 cloak
rCorr    .         Harm     .   n - +1 pair of gloves
MR       +....                  (no boots)
Stlth    +++.......             t - amulet of regeneration
HPRegen  0.59/turn              (no ring)
MPRegen  0.15/turn              (no ring)

@: gold aura
A: no food or potions, fire vulnerability, cold resistance 1, negative energy
resistance 3, torment resistance, unbreathing
a: Potion Petition, Call Merchant, Bribe Branch, Renounce Religion


You were on level 7 of the Dungeon.
You worshipped Gozag.
Gozag was pleased with you.
You were not hungry.

You visited 2 branches of the dungeon, and saw 8 of its levels.

You collected 729 gold pieces.
You paid 82 gold pieces to Gozag.

Inventory:

Hand Weapons
 d - a +3 dagger of electrocution
 l - a +5 flail of venom
 q - a +4 scimitar of flaming (weapon)
Missiles
 s - 4 steel tomahawks (quivered)
 u - 8 javelins
Armour
 c - a +0 robe of magic resistance
 k - a +0 large shield
 n - a +1 pair of gloves (worn)
 p - a +0 cloak (worn)
 v - a +3 leather armour of fire resistance (worn)
Jewellery
 t - an amulet of regeneration (around neck)
Wands
 a - a wand of flame (24)
 g - a wand of random effects (41)
 r - a wand of acid (5)
Scrolls
 e - 3 scrolls of remove curse
 f - 2 scrolls of fear
 h - 3 scrolls of identify
 i - 3 scrolls of teleportation
 j - a scroll of magic mapping
 o - 3 scrolls of fog
Books
 b - a book of Flames

   Spells                             Type                      Level
   a - Flame Tongue                   Conjuration/Fire             1
   b - Throw Flame                    Conjuration/Fire             2
   c - Conjure Flame                  Conjuration/Fire             3
   d - Inner Flame                    Hexes/Fire                   3
   e - Sticky Flame                   Conjuration/Fire             4
   f - Fireball                       Conjuration/Fire             5
 m - the Tome of Transmigration and Envenoming
   (You found it on level 7 of the Dungeon)

   Spells                             Type                      Level
   a - Sting                          Conjuration/Poison           1
   b - Beastly Appendage              Transmutation                1
   c - Passwall                       Transmutation/Earth          2
   d - Sticks to Snakes               Transmutation                2
   e - Spider Form                    Transmutation/Poison         3
   f - Irradiate                      Conjuration/Transmutation    5
   g - Hydra Form                     Transmutation                6


   Skills:
 - Level 3.0 Dodging
 - Level 5.0 Stealth
 * Level 6.3 Shields
 - Level 5.0 Spellcasting
 - Level 5.1 Conjurations
 - Level 5.0 Fire Magic


You had 17 spell levels left.
You knew the following spells:

 Your Spells              Type           Power        Failure   Level  Hunger
a - Flame Tongue          Conj/Fire      ###..        2%          1    N/A

Dungeon Overview and Level Annotations

Branches:
Dungeon (7/15)             Temple (1/1) D:5

Altars:
Ashenzari
Cheibriados
Dithmenos
Elyvilon
Gozag
Hepliaklqana
Kikubaaqudgha
Makhleb
Nemelex Xobeh
Okawaru
Qazlal
Ru
Sif Muna
Trog
Uskayaw
Vehumet
Wu Jian
Xom
Yredelemnul
Zin
The Shining One

Shops:
D:4 [   D:6 [

Annotations:
D:7 Pikel


Innate Abilities, Weirdness & Mutations

You do not eat or drink.
Your flesh is vulnerable to fire.
You are immune to poison.
Your flesh is cold resistant. (rC+)
You are immune to negative energy. (rN+++)
You are immune to unholy pain and torment.
You can survive without breathing.


Message History

Pikel hits you with a whip of electrocution!
You are electrocuted!
You closely miss Pikel. The slave hits you.
* * * LOW HITPOINT WARNING * * *
The slave closely misses you. Pikel completely misses you.
You riposte.
You hit Pikel. You burn Pikel.
Pikel is lightly wounded.
The slave misses you. The slave closely misses you. Pikel barely misses you.
You riposte.
You hit Pikel. You burn Pikel.
Pikel is moderately wounded.
You hit Pikel but do no damage.
Pikel is moderately wounded.
The slave is no longer distracted by gold.
The slave hits you but does no damage. The slave hits you!
* * * LOW HITPOINT WARNING * * *
Pikel hits you with a whip of electrocution.
* * * LOW HITPOINT WARNING * * *
You are electrocuted!
You die...
Your body crumbles into a pile of gold.

#.# #.# #.# # #.#
#### ####.##
...###########.....#
...............###.##
............#..###..#
######.....###pp@pp.#
#o##..###.K##..#
#.###..#..###..#
###..##.....##...##
#....p............#
#..##.........##..#
#(####..._...####.#
#..##.........##..#
#......o..........#


You could see Pikel and 4 slaves.

Vanquished Creatures
  The ghost of spsoon the Skirmisher, a novice DsGl (D:7)
  Grinder (D:3)
  Sigmund (D:6)
  Eustachio (D:4)
  Menkaure (D:4)
  Edmund (D:4)
  3 orc warriors
  A phantom (D:5)
  An ogre (D:6)
  The ghost of Capnfrog the Charmwright, an amateur DsSk of Okawaru (D:5)
  Blork the orc (D:5)
  A bullfrog (D:6)
  4 crimson imps
  A howler monkey (D:6)
  A hound (D:6)
  A jelly (D:7)
  2 centaur skeletons
  4 orc priests
  6 orc wizards
  Crazy Yiuf (D:6)
  Jessica (D:2)
  3 iguanas
  Ijyb (D:3)
  Terence (D:2)
  Natasha (thrice) (D:4)
  A worker ant (D:7)
  A killer bee zombie (D:7)
  3 gnolls
  A howler monkey skeleton (D:5)
  4 adders
  3 shadow imps
  An ooze (D:1)
  2 worms
  6 leopard geckos
  15 orcs
  3 giant cockroaches
  10 goblins
  9 hobgoblins
  11 jackals
  2 quokkas
  3 ball pythons
  8 bats
  5 frilled lizards
  A giant cockroach zombie (D:5)
  10 kobolds
  8 rats
150 creatures vanquished.

Vanquished Creatures (collateral kills)
  An adder (D:5)
1 creature vanquished.

Vanquished Creatures (others)
  2 fungi (D:6)
2 creatures vanquished.

Grand Total: 153 creatures vanquished

Notes
Turn   | Place    | Note
-------+----------+-------------------------------------------
     0 | D:1      | Hekarica the Mummy Fire Elementalist began the quest for the Orb.
     0 | D:1      | Reached XP level 1. HP: 13/13 MP: 4/4
   358 | D:1      | Reached skill level 1 in Conjurations
   383 | D:1      | Reached XP level 2. HP: 19/19 MP: 1/5
   777 | D:1      | Reached XP level 3. HP: 24/24 MP: 2/7
  1154 | D:2      | Noticed Jessica
  1157 | D:2      | Killed Jessica
  1167 | D:2      | Reached XP level 4. HP: 10/30 MP: 5/8
  1669 | D:2      | Noticed Terence
  1682 | D:2      | Killed Terence
  2133 | D:3      | Reached XP level 5. HP: 35/35 MP: 1/9
  2150 | D:3      | Noticed Grinder
  2159 | D:3      | Paralysed by Grinder for 5 turns
  2165 | D:3      | Killed Grinder
  2165 | D:3      | Reached XP level 6. HP: 20/41 MP: 4/11
  2682 | D:4      | Noticed Ijyb
  2686 | D:4      | Noticed Edmund
  2712 | D:3      | Killed Ijyb
  2872 | D:4      | Found Nuxke's Armour Shop.
  3027 | D:4      | Noticed Menkaure
  3165 | D:4      | HP: 2/41 [orc priest/trident (4)]
  3170 | D:4      | HP: 2/41 [orc priest/trident (1)]
  3489 | D:4      | Noticed Eustachio
  3530 | D:4      | Noticed Natasha
  3541 | D:4      | Killed Natasha
  3746 | D:4      | Noticed Natasha
  3760 | D:4      | Killed Natasha
  3990 | D:4      | Reached skill level 1 in Shields
  4276 | D:4      | Killed Edmund
  4276 | D:4      | Reached XP level 7. HP: 30/46 MP: 9/13
  4474 | D:4      | Noticed Natasha
  4480 | D:4      | Killed Natasha
  4645 | D:4      | Found a shimmering altar of Xom.
  4646 | D:4      | Found a burning altar of Makhleb.
  4801 | D:5      | Entered Level 5 of the Dungeon
  4990 | D:5      | Found an iron altar of Okawaru.
  5003 | D:5      | Found a staircase to the Ecumenical Temple.
  5013 | Temple   | Entered the Ecumenical Temple
  5073 | Temple   | Became a worshipper of Gozag Ym Sagoz the Greedy
  5114 | D:5      | Noticed Capnfrog's ghost (amateur DsSk)
  5339 | D:5      | Reached skill level 2 in Shields
  5393 | D:5      | Noticed Blork the orc
  5413 | D:5      | Killed Blork the orc
  5801 | D:5      | Killed Capnfrog's ghost
  5801 | D:5      | Reached XP level 8. HP: 31/52 MP: 14/14
  6459 | D:6      | Found a runed door.
  6511 | D:6      | Noticed Sigmund
  6697 | D:6      | Reached skill level 3 in Shields
  6853 | D:6      | Killed Sigmund
  6853 | D:6      | Reached skill level 5 in Spellcasting
  6858 | D:6      | Reached skill level 5 in Stealth
  6858 | D:6      | Reached skill level 5 in Fire Magic
  7080 | D:6      | Found a glowing golden altar of the Shining One.
  7274 | D:6      | Found Tyacreq's Armour Emporium.
  7558 | D:6      | Noticed Crazy Yiuf
  7565 | D:6      | Killed Crazy Yiuf
  7648 | D:4      | Killed Menkaure
  7648 | D:4      | Reached skill level 4 in Shields
  7648 | D:4      | Reached XP level 9. HP: 9/57 MP: 16/16
  7799 | D:4      | Killed Eustachio
  7799 | D:4      | Reached skill level 5 in Conjurations
  7884 | D:7      | Noticed spsoon's ghost (novice DsGl)
  7892 | D:7      | Killed spsoon's ghost
  7892 | D:7      | Reached skill level 5 in Shields
  8066 | D:6      | Reached skill level 6 in Shields
  8096 | D:7      | Found a shadowy altar of Dithmenos.
  8144 | D:7      | Found an ornate altar of the Wu Jian Council.
  8145 | D:7      | Found a stormy altar of Qazlal.
  8145 | D:7      | Found a hide-covered altar of Uskayaw.
  8146 | D:7      | Found a shattered altar of Ashenzari.
  8258 | D:7      | Identified the Tome of Transmigration and Envenoming
  8351 | D:7      | Noticed Pikel
  8569 | D:7      | Demolished by Pikel

Skill      XL: |  1  2  3  4  5  6  7  8  9 |
---------------+----------------------------+-----
Conjurations   | 1 2 3 4 5 |  5.1
Dodging        | 2 3 |  3.0
Stealth        | 2 3 4 5 |  5.0
Spellcasting   | 3 4 5 |  5.0
Fire Magic     | 3 4 5 |  5.0
Shields        | 1 2 4 6 |  6.3

Action                   |  1- 3 |  4- 6 |  7- 9 || total
-------------------------+-------+-------+-------++-------
Melee: Dagger            |    33 |   122 |    12 ||   167
       Unarmed           |     3 |       |       ||     3
       Flail             |       |       |   142 ||   142
       Scimitar          |       |       |    79 ||    79
 Cast: Flame Tongue      |    32 |    67 |    47 ||   146
Evoke: Wand              |       |     9 |     5 ||    14
  Use: Scroll            |       |     9 |    12 ||    21
 Stab: Sleeping          |       |       |     3 ||     3
       Distracted        |       |       |     1 ||     1
Armor: Robe              |     4 |       |    16 ||    20
       Leather armour    |     2 |    19 |    68 ||    89
Dodge: Dodged            |    33 |    87 |   211 ||   331
       Rpst.: Scimitar   |       |       |    26 ||    26
